Map: Temple gelé

Players

zidar - Winner!

  • Race: Zerg Zerg
  • League: Platinum
  • Spawn Location: 5:00

Graham

  • Race: Zerg Zerg
  • League: Platinum
  • Spawn Location: 11:00

VOD

Have the link to the VOD?

Description

Time

  • Played on: Nov. 4, 2016, 12:16 p.m.
  • Length: 20:15
Show
View Real Time Build Order
Export as new Build Order

zidar Zerg - Winner!

Build Orders: 1 Base Baneling Bust, Pool First, Muta Ling Bane 

Get SALT Encoding   

  12  0:01  Drone  
  13  0:09  Drone  
  13  0:13  Extractor  
  13  0:16  Drone  
  14  0:34  Spawning Pool  
  13  0:39  Drone  
  14  0:48  Overlord  
  14  0:58  Overlord  
  14  1:24  Metabolic Boost  
  14  1:26  Queen  
  14  1:27  Zergling x2  
  14  1:30  Zergling x2  
  18  1:37  Zergling x2  
  20  1:40  Zergling x2  
  20  1:50  Zergling x2  
  21  2:04  Zergling x2  
  22  2:10  Baneling Nest  
  22  2:15  Zergling x2  
  22  2:37  Zergling x2  
  22  2:38  Zergling x8  
  27  2:56  Baneling x2  
  27  3:05  Zergling x4  
  29  3:13  Baneling  
  29  3:25  Overlord x2  
  25  3:47  Zergling x4  
  25  3:48  Zergling x2  
  20  4:18  Zergling x6  
  21  4:32  Hatchery  
  20  4:42  Baneling x3  
  20  4:45  Queen  
  20  4:50  Baneling  
  22  5:13  Drone x6  
  28  5:16  Extractor  
  27  5:39  Drone x2  
  29  5:44  Drone  
  29  5:48  Drone x2  
  32  5:57  Drone x4  
  36  6:04  Extractor  
  36  6:05  Extractor  
  36  6:08  Baneling  
  36  6:09  Baneling  
  34  6:15  Drone x2  
  34  6:16  Drone  
  37  6:19  Drone x6  
  43  6:32  Lair  
  43  6:39  Drone x3  
  46  6:56  Overlord  
  46  6:57  Overlord x2  
  46  7:18  Drone x3  
  46  7:19  Drone  
  50  7:26  Overlord  
  50  7:38  Drone  
  51  8:12  Overlord, Hatchery  
  50  8:13  Overlord x2  
  50  8:24  Spire  
  50  8:25  Centrifical Hooks  
  48  8:44  Drone x6  
  54  9:39  Mutalisk x10  
  54  9:40  Mutalisk x4  
  82  9:57  Mutalisk x2  
  86  10:16  Mutalisk x2  
  90  10:33  Overlord x3  
  90  10:34  Overlord  
  87  11:10  Zergling x16  
  87  11:11  Zergling x16  
  103  11:19  Baneling x4  
  88  11:46  Mutalisk  
  88  11:47  Mutalisk x8  
  87  12:13  Zergling x2  
  87  12:14  Zergling x16  
  87  12:38  Zergling x12  
  87  12:39  Zergling x4  
  87  12:41  Queen  
  97  13:04  Evolution Chamber  
  96  13:07  Infestation Pit  
  96  13:10  Baneling x3  
  95  13:13  Mutalisk x8  
  95  13:17  Baneling x2  
  111  13:29  Extractor  
  111  13:31  Extractor, Zergling x2  
  111  13:32  Zergling x14  
  69  14:33  Mutalisk x8  
  69  14:37  Baneling x3  
  85  14:52  Baneling x7  
  66  15:23  Mutalisk x5  
  66  15:24  Hatchery  
  66  15:25  Zergling x42  
  66  15:26  Zergling x4  
  98  15:51  Baneling x10  
  98  15:54  Mutalisk x2  
  98  16:27  Hive  
  98  16:35  Zerg Melee Weapons Level 1  
  98  16:39  Zerg Flyer Weapons Level 1  
  98  16:45  Mutalisk, Zergling x8  
  98  16:46  Mutalisk x4  
  85  17:36  Zergling x4  
  85  17:37  Mutalisk, Zergling x30  
  92  17:38  Mutalisk x6  
  114  18:09  Baneling x9  
  114  18:11  Mutalisk x4  
  122  18:24  Baneling  
  122  18:25  Baneling x6  
  122  18:26  Baneling  
  109  19:28  Zergling x12  
  109  19:29  Zergling x42  
  136  20:07  Ultralisk Cavern  
Show
View Real Time Build Order
Export as new Build Order

Graham Zerg 

Build Orders: 1 Base Baneling Bust, Pool First 

Get SALT Encoding   

  12  0:01  Drone  
  13  0:14  Drone  
  13  0:18  Extractor  
  13  0:19  Drone  
  14  0:33  Spawning Pool  
  13  0:37  Drone  
  14  0:51  Extractor  
  14  0:52  Drone  
  14  0:55  Overlord  
  15  1:20  Zergling x6  
  15  1:22  Metabolic Boost  
  18  1:31  Zergling x2  
  19  1:33  Queen  
  21  1:45  Overlord  
  21  1:52  Zergling x2  
  22  2:07  Zergling x2  
  23  2:15  Zergling x2  
  23  2:33  Zergling x2  
  24  2:42  Zergling x2  
  24  2:59  Zergling x4  
  26  3:07  Overlord  
  26  3:13  Baneling Nest  
  26  3:14  Zergling x6  
  28  3:35  Spine Crawler  
  28  3:40  Drone  
  28  3:41  Drone  
  25  3:42  Spine Crawler, Zergling x4  
  25  3:43  Zergling x2  
  20  3:55  Zergling x2  
  13  4:15  Queen  
  13  4:16  Drone x3  
  15  4:29  Drone  
  16  4:44  Drone  
  17  4:54  Drone  
  18  5:10  Zergling x2  
  18  5:13  Baneling x2  
  19  5:28  Hatchery  
  18  5:30  Zergling x4  
  18  5:31  Zergling x6  
  18  5:35  Baneling  
  23  5:38  Baneling  
  23  5:53  Baneling  
  23  5:54  Baneling x6  
  23  5:55  Zergling x4  
  25  6:03  Lair  
  25  6:05  Drone  
  25  6:06  Drone  
  27  6:37  Overlord  
  27  6:39  Drone x5  
  32  6:42  Drone  
  33  6:48  Queen  
  35  6:56  Drone x2  
  35  6:59  Drone  
  38  7:05  Drone  
  39  7:13  Evolution Chamber  
  38  7:20  Drone  
  38  7:21  Drone x4  
  43  7:24  Overseer  
  38  7:39  Baneling x3  
  38  7:46  Zergling x6  
  38  7:47  Zergling x4  
  43  7:53  Overlord  
  43  8:11  Extractor, Drone x3  
  43  8:12  Drone x4  
  49  8:16  Zerg Melee Weapons Level 1  
  49  8:42  Zergling x18  
  58  8:50  Drone  
  59  8:56  Hatchery  
  58  9:07  Extractor  
  57  9:11  Drone x2  
  59  9:18  Zergling x2  
  59  9:21  Overlord x4  
  60  9:57  Overlord x2  
  60  10:08  Zergling x2  
  60  10:09  Zergling x14  
  68  10:19  Spore Crawler  
  67  10:21  Spore Crawler  
  67  10:22  Spore Crawler  
  67  10:24  Spore Crawler  
  67  10:25  Spore Crawler  
  67  10:28  Spore Crawler x2  
  61  10:29  Spore Crawler  
  61  10:32  Spore Crawler  
  56  10:48  Drone  
  56  10:49  Drone x5  
  61  10:50  Drone x2  
  41  11:08  Zergling x16  
  48  11:14  Spore Crawler  
  48  11:17  Zergling x2  
  45  11:26  Zergling x4  
  45  11:29  Baneling x7  
  42  11:51  Zergling x4  
  42  11:52  Zergling x8  
  44  12:05  Zergling x8  
  44  12:16  Baneling x4  
  44  12:17  Baneling x8  
  44  12:18  Baneling x3  
  44  12:20  Zergling x4  
  46  12:23  Queen x2  
  46  12:44  Baneling x2  
  46  12:45  Baneling x13  
  46  12:50  Spine Crawler  
  46  12:51  Drone x4  
  46  12:52  Spine Crawler, Drone  
  49  13:17  Hydralisk Den  
  48  13:20  Overlord x2  
  48  13:33  Hatchery  
  47  13:34  Drone  
  47  13:40  Drone x3  
  47  13:41  Drone  
  52  13:46  Spore Crawler  
  51  13:48  Spore Crawler  
  50  13:58  Queen  
  48  14:12  Hydralisk  
  48  14:13  Hydralisk x6  
  48  14:15  Queen  
  57  14:32  Drone x2  
  59  14:39  Hydralisk x2  
  63  14:48  Roach Warren  
  63  14:51  Hydralisk x2  
  66  14:57  Hydralisk x2  
  70  15:13  Hydralisk x2  
  56  15:40  Hatchery  
  55  15:46  Zergling x4  
  55  15:47  Zergling x2  
  58  15:51  Drone  
  58  15:54  Drone  
  58  15:56  Drone  
  61  16:09  Extractor  
  58  16:12  Baneling  
  58  16:13  Baneling x5  
  44  16:22  Hydralisk  
  46  16:41  Zergling x16  
  28  17:34  Hatchery  
  27  17:49  Zergling x2  
  25  18:18  Extractor  
  24  18:20  Extractor  
  23  18:31  Drone  
  24  18:48  Baneling x2  
  18  19:21  Infestation Pit  
  17  19:24  Drone  
  18  19:34  Spawning Pool  
  18  19:35  Drone  
  18  19:45  Drone x2  
  20  20:02  Drone x2  
Tags
 
Add a new tag
Caveats
  • Supply blocks, unpowered buildings, or Contaminate may cause inaccurate times.
  • Supply counts are checked every 10 seconds.